 Dungeon Crawl Stone Soup version 0.30-a0-879-ga8ba668304 (webtiles) character file.

Game seed: 13276706314438121879

396 Vylera the Magician (level 7, -3/45 HPs)
             Began as a Djinni Ice Elementalist on Mar 12, 2023.
             Slain by Duvessa
             ... wielding a +0 short sword
              (5 damage)
             ... on level 4 of the Dungeon.
             The game lasted 00:09:29 (2639 turns).

Vylera the Magician (Djinni Ice Elementalist)       Turns: 2639, Time: 00:09:29

Health: -3/45      AC:  3    Str:  7    XL:     7   Next: 9%
Gold:   60         EV: 12    Int: 19    God:
                   SH:  0    Dex: 13

rFire   + + .      SeeInvis .    y - +7 Throatcutter {drain, coup de grace}
rCold   x . .      Faith    .    (no shield)
rNeg    . . .      Spirit   .    a - +0 robe
rPois   ∞          Reflect  .    (no helmet)
rElec   .          Rampage  .    r - +0 cloak
rCorr   .                        (no gloves)
Will    .....                    (boots unavailable)
Stlth   ++                       (no amulet)
HPRegen 0.27/turn                (no ring)
MPRegen 0.00/turn                (no ring)

@: flying
A: sickness immunity, fire resistance 2, cold vulnerability 1, float, innate
caster, HP casting, extra vitality 1
a: no special abilities


You were on level 4 of the Dungeon.
You visited 1 branch of the dungeon, and saw 4 of its levels.

You collected 190 gold pieces.
You spent 130 gold pieces at shops.

Inventory:

Hand Weapons
 x - a +1 short sword of electrocution
 y - the +7 Throatcutter (weapon) {drain, coup de grace}
   (You found it on level 3 of the Dungeon)
Armour
 a - a +0 robe (worn)
 r - a +0 cloak (worn)
Jewellery
 v - a ring of poison resistance
Scrolls
 f - 4 scrolls of amnesia {unknown}
 h - 2 scrolls of enchant armour {unknown}
 j - 3 scrolls of enchant weapon {unknown}
 k - 3 scrolls of identify {unknown}
 l - a scroll of poison {unknown}
 m - a scroll of fog {unknown}
 n - a scroll of immolation {unknown}
 o - a scroll of teleportation {unknown}
 u - a scroll of noise {unknown}
Potions
 c - 2 potions of cancellation
 d - a potion of brilliance {unknown}
 e - 2 potions of curing {unknown}
 g - a potion of heal wounds {unknown}
 i - a potion of haste {unknown}
 p - a potion of ambrosia {unknown}
 t - a potion of magic {unknown}


   Skills:
 - Level 2.1 Dodging
 - Level 1.5 Stealth
 + Level 6.2 Spellcasting


You knew the following spells:

 Your Spells              Type           Power      Damage    Failure   Level
a - Freeze                Ice            100%       1d10      1%          1
b - Frozen Ramparts       Ice            58%        1d9       2%          3
c - Ozocubu's Armour      Ice            29%        N/A       2%          3
d - Summon Ice Beast      Ice/Summ       29%        N/A       9%          4
e - Necrotise             Necr           100%       1d9       1%          1
f - Wereblood             Tmut           29%        N/A       1%          2
g - Dazzling Flash        Conj/Hex       58%        N/A       2%          3
Your spell library was empty.

Dungeon Overview and Level Annotations

Branches:
Dungeon (4/15)
 Temple: D:4-7

Altars:

Shops:
D:3 *

Annotations:
D:4 Duvessa


Innate Abilities, Weirdness & Mutations

You are immune to sickness and miasma.
You are immune to poison.
Your flesh is very heat resistant. (rF++)
You are vulnerable to cold. (rC-)
You float through the air rather than walking.
You learn spells naturally, not from books.
Your magical power is your life essence.
You have superior vitality. (+4 MHP)


Message History

Duvessa, Sister of Dowan comes into view.
She is wielding a +0 short sword.
The wall freezes the kobold.
You have reached level 7!
The power to cast Dazzling Flash wells up from within.
Spell assigned to 'g'.
You hit the kobold.
You kill the kobold!
Duvessa goes berserk!
The wall freezes Duvessa.
The wall freezes Duvessa but does no damage.
Duvessa closely misses you.
You barely miss Duvessa.
Duvessa is lightly wounded.
The wall freezes Duvessa.
Duvessa hits you with a +0 short sword.
The wall freezes Duvessa.
Duvessa hits you with a +0 short sword!
Unknown command.
You completely miss Duvessa.
Duvessa is lightly wounded.
The wall freezes Duvessa.
Duvessa hits you but does no damage.
The wall freezes Duvessa.
Duvessa hits you with a +0 short sword.
Unknown command.
You slash Duvessa! You drain Duvessa.
Duvessa is moderately wounded.
The frozen ramparts melt away.
Duvessa hits you with a +0 short sword. x2
Casting: Frozen Ramparts (dangerous; 2% risk of failure)
Confirm with . or Enter, or press ? or * to list all spells.
Casting: Frozen Ramparts (dangerous; 2% risk of failure)
Press: ? - help, Dir - look around, f - activate The walls around you are covered in ice.
* * * LOW HITPOINT WARNING * * *
The wall freezes the hound!
The wall freezes Duvessa but does no damage.
Duvessa hits you with a +0 short sword!
* * * LOW HITPOINT WARNING * * *
The wall freezes the hound but does no damage.
It was a potion of cancellation.
Your magical effects are unravelling.
You feel magically purged.
Your icy armour evaporates.
The frozen ramparts melt away.
Duvessa hits you with a +0 short sword.
You die...

#.............
#.............
#.............
#.............
#.....†.......
###............
#K.e...h$#.....
K..#.###e## .##
..#. #@#
.!..####.#
..<...#..# .
#.).## ##.<#
#...# ##....
#.###.. #.# ##


You could see Duvessa (berserk, fast, drained) and a hound.

Vanquished Creatures
  2 kobold brigands (D:3)
  Dowan (D:4)
  Crazy Yiuf (D:2)
  An orc priest (D:3)
  7 adders
  2 dart slugs
  4 orcs (D:3)
  7 bats
  4 endoplasms (D:2)
  6 giant cockroaches
  8 goblins
  6 hobgoblins
  A jackal (D:2)
  2 quokkas
  6 ball pythons
  5 frilled lizards
  9 kobolds
  9 rats
81 creatures vanquished.

Vanquished Creatures (collateral kills)
  An adder (D:2)
  A kobold (D:2)
2 creatures vanquished.

Grand Total: 83 creatures vanquished

Notes
Turn   | Place    | Note
-------+----------+-------------------------------------------
     0 | D:1      | Vylera the Djinni Ice Elementalist began the quest for the
                  | Orb.
     0 | D:1      | Vylera set off with the following spells memorised: Freeze,
                  | Frozen Ramparts, Ozocubu's Armour, Summon Ice Beast.
     0 | D:1      | Reached XP level 1. HP: 15/15 MP: 0/0
   190 | D:1      | Reached XP level 2. HP: 21/21 MP: 0/0
   581 | D:1      | Reached XP level 3. HP: 25/25 MP: 0/0
   581 | D:1      | Learned a level 1 spell: Necrotise
   962 | D:2      | Reached skill level 4 in Spellcasting
  1040 | D:2      | Found a runed translucent door.
  1041 | D:2      | Noticed Crazy Yiuf
  1197 | D:2      | Reached XP level 4. HP: 29/31 MP: 0/0
  1376 | D:2      | Reached XP level 5. HP: 26/35 MP: 0/0
  1376 | D:2      | Learned a level 2 spell: Wereblood
  1895 | D:2      | Killed Crazy Yiuf
  1896 | D:2      | Reached skill level 5 in Spellcasting
  2193 | D:3      | Found Byom's Assorted Antiques.
  2211 | D:3      | Bought a blackened golden ring for 130 gold pieces
  2317 | D:3      | Reached XP level 6. HP: 26/40 MP: 0/0
  2481 | D:3      | Found the +7 Throatcutter {drain, coup de grace}
  2491 | D:3      | Reached skill level 6 in Spellcasting
  2621 | D:4      | Noticed Dowan
  2633 | D:4      | Killed Dowan
  2633 | D:4      | Noticed Duvessa
  2634 | D:4      | Reached XP level 7. HP: 41/45 MP: 0/0
  2634 | D:4      | Learned a level 3 spell: Dazzling Flash
  2638 | D:4      | HP: 1/45 [Duvessa/+0 short sword (10)]
  2639 | D:4      | Slain by Duvessa

Illustrated notes

Levels and vault maps discovered:
D:1:      dpeg_arrival_court, layout_rooms, nicolae_hexahallways
D:2:      layout_basic, grunt_decor_clamped, st_stairs_1,
          minmay_misc_feat_enclosed, minmay_joined_circles,
          uniq_crazy_yiuf_cottage
D:3:      cheibrodos_pilgrimage, layout_basic, serial_shops,
          nicolae_square_shop, dilly_guarded_unrand_throatcut
D:4:      layout_rooms, uniq_duvessa, uniq_grinder

Skill      XL: |  1  2  3  4  5  6 |
---------------+-------------------+-----
Spellcasting   | 4 5 6 |  6.2
Dodging        | |  2.1
Stealth        | |  1.5

Action                     |  1- 3 |  4- 6 |  7- 9 || total
---------------------------+-------+-------+-------++-------
  Melee: Whip              |    70 |    38 |       ||   108
         Mace              |       |    44 |       ||    44
         Punch             |       |     1 |       ||     1
         Long sword        |       |     8 |     4 ||    12
   Cast: Freeze            |    22 |    15 |       ||    37
         Necrotise         |    19 |     4 |       ||    23
         Frozen Ramparts   |       |     7 |     1 ||     8
         Ozocubu's Armour  |       |     4 |       ||     4
    Use: Potion            |       |       |     1 ||     1
   Stab: Sleeping          |     4 |     4 |       ||     8
 Armour: Robe              |    31 |    27 |     1 ||    59
  Dodge: Dodged            |    66 |    80 |     1 ||   147

Table legend: (Time is in decaauts)
 A = Elapsed time spent in this place.
 B = Non-inter-level travel time spent in this place.
 C = Inter-level travel time spent in this place.
 D = Time resting spent in this place.
 E = Time spent auto-exploring this place.
 F = Levels seen in this place.
 G = Mean time per level.
                   A        B        C        D        E       F      G
               +--------+--------+--------+--------+--------+-----+--------+
         Total |   2670 |   2581 |     89 |      0 |   1995 |   4 |  667.5 |
       Dungeon |   2670 |   2581 |     89 |      0 |   1995 |   4 |  667.5 |
               +--------+--------+--------+--------+--------+-----+--------+

Top non-repeatable levels by time:
     D:2: 1073 daAuts
     D:1: 963 daAuts
     D:3: 587 daAuts
     D:4: 45 daAuts
